 Dungeon Crawl Stone Soup version 0.29-a0-517-gbdf32494f2 (webtiles) character file.

Game seed: 3543347587364807626

188 hquester the Skirmisher (level 5, -5/54 HPs)
             Began as a Troll Fighter on May 30, 2022.
             Slain by a mummy (9 damage)
             ... in an ossuary.
             The game lasted 00:07:02 (2080 turns).

hquester the Skirmisher (Troll Fighter)             Turns: 2080, Time: 00:07:03

Health: -5/54      AC:  4    Str: 24    XL:     5   Next: 39%
Magic:  4/4        EV:  9    Int:  4    God:
Gold:   117        SH:  8    Dex: 11    Spells: 4/4 levels left

rFire   . . .      SeeInvis .   a - +0 flail
rCold   . . .      Faith    .   c - +0 kite shield
rNeg    . . .      Spirit   .   b - +0 robe
rPois   +          Reflect  .   (helmet restricted)
rElec   .          Harm     .   (no cloak)
rCorr   .          Rampage  .   (gloves unavailable)
Will    .....                   (boots unavailable)
Stlth   +.........              (no amulet)
HPRegen 0.98/turn               k - ring of poison resistance
MPRegen 0.09/turn               (no ring)

@: slowed, very slow
A: large, unfitting armour, claws 3, regeneration 1, shaggy fur 1, tough skin 1
a: no special abilities


You were in an ossuary.
You visited 1 branch of the dungeon, and saw 4 of its levels.
You also visited: Ossuary.

You collected 117 gold pieces.

Inventory:

Hand Weapons
 a - a +0 flail (weapon)
 n - a +0 mace of holy wrath
Missiles
 r - a throwing net (quivered)
Armour
 b - a +0 robe (worn)
 c - a +0 kite shield (worn)
Jewellery
 k - a ring of poison resistance (left claw)
Scrolls
 e - a scroll of teleportation {unknown}
 f - a scroll of magic mapping {unknown}
 j - 2 scrolls of enchant armour {unknown}
 l - a scroll of brand weapon {unknown}
 m - a scroll of vulnerability {unknown}
 o - 2 scrolls of identify {unknown}
 p - a scroll of amnesia {unknown}
 q - a scroll of blinking {unknown}
 s - a scroll of summoning {unknown}
Potions
 d - a potion of might
 g - 3 potions of cancellation {unknown}
 h - a potion of mutation {unknown}
 i - a potion of curing {unknown}
 t - a potion of brilliance {unknown}
 u - a potion of heal wounds {unknown}


   Skills:
 * Level 3.7 Fighting
 + Level 2.7 Maces & Flails
 + Level 3.1 Dodging
 + Level 3.4 Shields


You had 4 spell levels left.
You didn't know any spells.
Your spell library contained the following spells:

 Spells                   Type           Power      Damage    Failure   Level
 Apportation              Tloc           0%         N/A       80%         1
 Necrotize                Necr           0%         1d4       80%         1
 Summon Small Mammal      Summ           0%         N/A       80%         1
 Gell's Gravitas          Tloc           0%         N/A       99%         3
 Ignite Poison            Fire/Tmut/Pois 0%         N/A       99%         3
 Mephitic Cloud           Conj/Pois/Air  0%         N/A       99%         3
 Stone Arrow              Conj/Erth      0%         3d7       99%         3
 Teleport Other           Tloc           0%         N/A       99%         3
 Animate Armour           Summ/Erth      0%         N/A       100%        4
 Freezing Cloud           Conj/Ice/Air   0%         6-21      100%        5
 Dispersal                Tloc           0%         N/A       100%        6
 Lehudib's Crystal Spear  Conj/Erth      0%         10d2      100%        8


Dungeon Overview and Level Annotations

Branches:
Dungeon (4/15)            Ossuary (1/1)
 Temple: D:4-7

Altars:


Innate Abilities, Weirdness & Mutations

You are too large for most types of armour.
You have claws for hands.
Your natural rate of healing is unusually fast.
You are covered in fur. (AC +1)
You have tough skin. (AC +1)


Message History

The bog mummy closely misses you.
The bog mummy gestures at you while chanting.
The puff of frost hits you.
You barely miss the bog mummy. The bullfrog zombie hits you.
The bog mummy hits you! You block the bullfrog zombie's attack.
You hit the bullfrog zombie.
The bullfrog zombie is lightly damaged.
You block the bullfrog zombie's attack. x3
You barely miss the bullfrog zombie.
The bullfrog zombie is lightly damaged.
The bullfrog zombie hits you.
You barely miss the bog mummy. You barely miss the bog mummy.
The bullfrog zombie hits you. The bog mummy casts a spell at you.
You resist with some effort.
You hit the bog mummy.
The bog mummy is moderately damaged.
The bullfrog zombie hits you. x2; The bog mummy barely misses you.
The bullfrog zombie completely misses you.
You closely miss the bog mummy.
The bog mummy is moderately damaged.
The bullfrog zombie barely misses you. The bullfrog zombie misses you.
The bog mummy hits you but does no damage.
The bog mummy closely misses you.
You hit the bog mummy.
The bog mummy is heavily damaged.
The bog mummy points at you and mumbles some strange words.
The puff of frost hits you!
* * * LOW HITPOINT WARNING * * *
You block the mummy's attack.
You closely miss the bog mummy.
The bog mummy is heavily damaged.
The bog mummy closely misses you. The mummy hits you!
* * * LOW HITPOINT WARNING * * *
You thump the bog mummy!
You destroy the bog mummy!
A bullfrog zombie comes into view.
The mummy hits you!
You die... +Z

#≈ ≈≈ ####M
#≈.≈.
#≈≈.#####
#P≈.#..∩#
#ZM@∩.#
#P≈≈#...#
#≈≈#≈.#####
#≈##..≈ ≈
#≈##. ≈≈≈
≈P ≈≈≈ #≈
#≈ #≈


You could see a mummy and a bullfrog zombie.

Vanquished Creatures
  2 mummies (Ossuary)
  Ijyb (D:3)
  2 orc wizards (D:3)
  2 adders (D:2)
  A dart slug (D:1)
  6 orcs
  7 ball pythons
  2 bats
  4 endoplasms
  3 giant cockroaches
  4 goblins
  3 hobgoblins
  4 jackals (D:3)
  4 kobolds
  5 quokkas
  2 frilled lizards
  4 rats
56 creatures vanquished.

Vanquished Creatures (others)
  3 withered plants (Ossuary)
3 creatures vanquished.

Grand Total: 59 creatures vanquished

Notes
Turn   | Place    | Note
-------+----------+-------------------------------------------
     0 | D:1      | hquester the Troll Fighter began the quest for the Orb.
     0 | D:1      | Reached XP level 1. HP: 22/22 MP: 0/0
   210 | D:1      | Reached XP level 2. HP: 29/29 MP: 1/1
   720 | D:2      | Reached XP level 3. HP: 36/36 MP: 2/2
  1336 | D:3      | Reached XP level 4. HP: 45/45 MP: 3/3
  1364 | D:3      | Noticed Ijyb
  1433 | D:3      | Killed Ijyb
  1953 | D:3      | Reached XP level 5. HP: 15/53 MP: 4/4
  1992 | D:3      | Found the +1 Delatra's gloves {ID++}
  2048 | D:4      | Found a sand-covered staircase.
  2057 | Ossuary  | Entered an ossuary
  2079 | Ossuary  | HP: 2/54 [mummy (16)]
  2080 | Ossuary  | Slain by a mummy

Illustrated notes

Levels and vault maps discovered:
D:1:      giann_wishing_wells, layout_rooms, serial_park_tiny_1,
          grunt_decor_clamped
D:2:      layout_basic
D:3:      layout_basic, dk_noncrumbling_2, pf_guarded_unrand_delatra, uniq_ijyb
D:4:      layout_cave_pods, portal_sewer_entry_c, serial_shops, shop,
          nicolae_ossuary_entry_monument
Ossuary:  ossuary_zaba_flooded

Skill      XL: |  1  2  3  4 |
---------------+-------------+-----
Maces & Flails | 2 |  2.7
Shields        | 3 |  3.4
Fighting       | 3 |  3.7
Dodging        | 3 |  3.1

Action                   |  1- 3 |  4- 6 || total
-------------------------+-------+-------++-------
Melee: Flail             |   124 |    98 ||   222
 Stab: Sleeping          |     2 |       ||     2
Armor: Robe              |    38 |    29 ||    67
Dodge: Dodged            |    43 |    35 ||    78
Block: Kite shield       |    40 |    40 ||    80

Table legend: (Time is in decaauts)
 A = Elapsed time spent in this place.
 B = Non-inter-level travel time spent in this place.
 C = Inter-level travel time spent in this place.
 D = Time resting spent in this place.
 E = Time spent auto-exploring this place.
 F = Levels seen in this place.
 G = Mean time per level.
                   A        B        C        D        E       F      G
               +--------+--------+--------+--------+--------+-----+--------+
         Total |   2183 |   2094 |     89 |     36 |   1358 |   5 |  436.6 |
       Dungeon |   2142 |   2053 |     89 |     36 |   1358 |   4 |  535.5 |
       Ossuary |     41 |     41 |      0 |      0 |      0 |   1 |   41.0 |
               +--------+--------+--------+--------+--------+-----+--------+

Top non-repeatable levels by time:
     D:3: 807 daAuts
     D:2: 679 daAuts
     D:1: 643 daAuts
 Ossuary: 41 daAuts
     D:4: 11 daAuts
